AoeStats
← Dorifto

Arena

506594875Analyzed
1v1 RM · 17d ago on Sep 14, 2026· 80m 55s· 2 players
Game mode
Random Map
Map size
Tiny (2 player)
Population
200
Speed
Normal
Resources
Standard
Victory
Conquest
Starting age
Dark Age
Ending age
Imperial Age
RankedLock teamsTeams togetherTeam positionsShared explorationLock speedFull tech treeHidden civsTurbo modeCheats
Victory
Defeat
🇦🇷 Vietnamese · Argentina
746
+16
🇦🇺 Byzantines · Australia
737
-16
Dorifto
4:32 Loom
11:11 Feudal Age
11:32 Horse Collar
11:48 Double-Bit Axe
14:51 Wheelbarrow
20:53 Castle Age
19:31 Gold Mining
19:31 Stone Mining
23:59 Bow Saw
23:52 Heavy Plow
24:06 Fortified Wall
23:57 Murder Holes
28:41 Imperial Age
30:00 Hand Cart
30:48 Chemistry
30:09 Ballistics
30:43 Elite Skirmisher
31:31 Thumb Ring
31:22 Fletching
31:32 Padded Archer Armor
33:56 Arrowslits
33:53 Treadmill Crane
34:35 Bodkin Arrow
34:55 Leather Archer Armor
36:45 Crop Rotation
37:25 Conscription
41:32 Two-Man Saw
44:30 Light Cavalry
45:11 Husbandry
59:55 Hussar
62:40 Forging
62:36 Scale Barding Armor
63:57 Iron Casting
70:30 Chain Barding Armor
71:47 Plate Barding Armor
MonjeCarlos
7:15 Loom
11:44 Feudal Age
12:08 Feudal Age
12:59 Town Watch
13:57 Wheelbarrow
13:56 Town Watch
14:03 Horse Collar
16:28 Castle Age
14:38 Double-Bit Axe
15:53 Gold Mining
18:23 Heavy Plow
22:10 Stone Mining
23:26 Hand Cart
27:52 Treadmill Crane
28:15 Town Patrol
28:34 Bow Saw
31:57 Imperial Age
29:31 Murder Holes
30:00 Forging
29:55 Scale Barding Armor
32:05 Ballistics
34:04 Chemistry
34:21 Iron Casting
33:46 Scale Mail Armor
33:37 Fletching
33:47 Padded Archer Armor
34:11 Paper Money
34:26 Hoardings
34:53 Stone Shaft Mining
34:32 Sappers
36:23 Two-Man Saw
35:57 Siege Engineers
36:03 Fortified Wall
36:15 Bombard Tower
36:21 Chain Mail Armor
36:26 Chain Barding Armor
37:01 Crop Rotation
36:51 Squires
37:16 Bodkin Arrow
37:01 Elite Fire Lancer
38:55 Plate Mail Armor
38:40 Leather Archer Armor
39:05 Crossbowman
39:50 Thumb Ring
39:06 Elite Skirmisher
39:51 Bracer
39:59 Arbalester
42:35 Arson
43:53 Ring Archer Armor
43:59 Plate Barding Armor
43:40 Imperial Skirmisher
54:09 Chatras
55:39 Elite Rattan Archer
63:53 Devotion
63:54 Atonement
64:19 Illumination
64:10 Block Printing
63:51 Herbal Medicine
64:31 Theocracy
64:17 Sanctity
75:12 Guard Tower
Connection lost

Rejoining the realm…

Still unreachable

The connection could not be restored.

Session expired

The server has moved on; the page needs a fresh start.